 Dungeon Crawl Stone Soup version 0.27-a0-1084-g78b3836a5f (webtiles) character file.

Game seed: 8173520241069570657

753 senseless the Fighter (level 7, -8/64 HPs)
             Began as a Gnoll Wanderer on Apr 26, 2021.
             Mangled by a two-headed ogre
             ... wielding a +0 dire flail
              (9 damage)
             ... on level 5 of the Dungeon.
             The game lasted 00:09:40 (5142 turns).

senseless the Fighter (Gnoll Wanderer)              Turns: 5142, Time: 00:09:41

Health: -8/64      AC:  9    Str: 15    XL:     7   Next: 78%
Magic:  0/11       EV: 12    Int: 10    God:
Gold:   177        SH:  0    Dex: 11    Spells: 11/11 levels left

rFire    . . .     SeeInvis .   o - +0 battleaxe (vorpal)
rCold    . . .     Faith    .   (shield currently unavailable)
rNeg     . . .     Spirit   +   p - +3 leather armour
rPois    .         Reflect  .   (no helmet)
rElec    .         Harm     .   f - +1 cloak
rCorr    .         Rampage  .   (no gloves)
Will     .....                  (no boots)
Stlth    ++........             k - amulet of guardian spirit
HPRegen  0.20/turn              h - ring of flight
MPRegen  0.12/turn              (no ring)

@: flying
A: fangs 1, strong nose, distributed training
a: no special abilities


You were on level 5 of the Dungeon.
You visited 1 branch of the dungeon, and saw 5 of its levels.

You collected 177 gold pieces.

Inventory:

Hand Weapons
 a - a +0 hand axe of protection
 o - a +0 vorpal battleaxe (weapon)
Armour
 b - a +0 ring mail
 f - a +1 cloak (worn)
 i - a +0 buckler
 p - a +3 leather armour (worn)
Jewellery
 h - a ring of flight (left hand)
 k - an amulet of guardian spirit (around neck)
 t - a ring of protection from fire
Scrolls
 e - a scroll of brand weapon
Potions
 d - a potion of might
 g - a potion of flight
 j - 2 potions of cancellation
 l - a potion of invisibility {unknown}
 m - a potion of haste {unknown}
 n - a potion of mutation {unknown}
 r - a potion of lignification {unknown}
Miscellaneous
 c - a phial of floods (quivered)


   Skills:
 + Level 9.0 Fighting
 + Level 2.7 Short Blades
 + Level 2.7 Long Blades
 + Level 3.8 Axes
 + Level 2.7 Maces & Flails
 + Level 2.7 Polearms
 + Level 2.7 Staves
 + Level 2.7 Slings
 + Level 2.7 Bows
 + Level 2.7 Crossbows
 + Level 3.8 Throwing
 + Level 7.1 Armour
 + Level 2.7 Dodging
 + Level 2.7 Stealth
 + Level 2.7 Shields
 + Level 2.7 Unarmed Combat
 + Level 2.7 Spellcasting
 + Level 2.2 Conjurations
 + Level 2.2 Hexes
 + Level 2.2 Summonings
 + Level 2.2 Necromancy
 + Level 2.2 Translocations
 + Level 2.2 Transmutations
 + Level 2.2 Fire Magic
 + Level 2.2 Ice Magic
 + Level 2.2 Air Magic
 + Level 2.2 Earth Magic
 + Level 2.2 Poison Magic
 + Level 3.0 Invocations
 + Level 3.8 Evocations


You had 11 spell levels left.
You didn't know any spells.
Your spell library was empty.

Dungeon Overview and Level Annotations

Branches:
Dungeon (5/15)
 Temple: D:4-7

Altars:
Gozag
Trog


Innate Abilities, Weirdness & Mutations

You have very sharp teeth.
Your uncanny sense of smell can sniff out nearby items.
Your experience applies equally to all skills.


Message History

There is an open door here.
There is a stone staircase leading down here.
As you read the scroll labelled ANODWE MOWUIJ, it crumbles to dust.
You feel strangely unstable.
It was a scroll of teleportation.
As you read the scroll of identify, it crumbles to dust.
g - a potion of flight You start waiting.
Your surroundings suddenly seem different.
There is a stone staircase leading down here.
You fly downwards.
A gnoll and a two-headed ogre come into view.
Found an agate ring.
There is a stone staircase leading up here.
The two-headed ogre shouts in stereo!
You hear a shout!
You hit the two-headed ogre but do no damage.
You bite the two-headed ogre, but do no damage.
The two-headed ogre hits you with a +0 dire flail!
The two-headed ogre closely misses you.
You hit the two-headed ogre.
The two-headed ogre is lightly wounded.
The two-headed ogre hits you with a +0 dire flail!!
The two-headed ogre misses you.
You barely miss the two-headed ogre.
The two-headed ogre is lightly wounded.
The two-headed ogre hits you with a +0 dire flail!
The two-headed ogre hits you but does no damage.
You closely miss the two-headed ogre.
The two-headed ogre is lightly wounded.
The two-headed ogre hits you with a +0 dire flail!
The two-headed ogre hits you with a +0 giant spiked club!
* * * LOW HITPOINT WARNING * * *
The gnoll hits you with a +0 flail!
* * * LOW HITPOINT WARNING * * *
You closely miss the two-headed ogre.
The two-headed ogre is lightly wounded.
You slash the gnoll!
You kill the gnoll!
An orc comes into view. It is wielding a +0 hand axe.
The two-headed ogre hits you with a +0 dire flail!
You die...

.. =.# ..# ...
#..###..#
...##.......
##.........
..........
.........
........####
.......<@O.#
+###.......o..#
##.........##
#.........##
#.........# ∆
#..#......# ∆
#.......#...
........#...


You could see a two-headed ogre and an orc (wandering).

Vanquished Creatures
  Grinder (D:4)
  Sigmund (D:2)
  Blork the orc (D:4)
  A scorpion (D:4)
  2 hounds
  Crazy Yiuf (D:3)
  Terence (D:3)
  An iguana (D:4)
  A hound skeleton (D:4)
  4 adders
  A gnoll (D:5)
  2 adder skeletons (D:4)
  A worm (D:2)
  4 dart slugs (D:4)
  6 orcs
  7 bats
  8 endoplasms
  2 giant cockroaches
  5 goblins
  9 hobgoblins
  8 jackals
  2 quokkas (D:1)
  3 ball pythons
  3 frilled lizards
  A jackal skeleton (D:4)
  7 kobolds
  3 rats
86 creatures vanquished.

Notes
Turn   | Place    | Note
-------+----------+-------------------------------------------
     0 | D:1      | senseless the Gnoll Wanderer began the quest for the Orb.
     0 | D:1      | senseless set off with the following items: a +0 hand axe,
                  | a +0 ring mail, a phial of floods
     0 | D:1      | Reached XP level 1. HP: 26/26 MP: 1/1
   177 | D:1      | Reached XP level 2. HP: 33/33 MP: 2/2
   333 | D:1      | You fall into a shaft and drop 1 floor!
  1003 | D:2      | Reached XP level 3. HP: 37/38 MP: 3/3
  1056 | D:2      | Reached skill level 1 in Invocations
  1487 | D:2      | Reached skill level 1 in Short Blades
  1487 | D:2      | Reached skill level 1 in Long Blades
  1487 | D:2      | Reached skill level 1 in Maces & Flails
  1487 | D:2      | Reached skill level 1 in Polearms
  1487 | D:2      | Reached skill level 1 in Staves
  1487 | D:2      | Reached skill level 1 in Slings
  1487 | D:2      | Reached skill level 1 in Bows
  1487 | D:2      | Reached skill level 1 in Crossbows
  1487 | D:2      | Reached skill level 1 in Dodging
  1487 | D:2      | Reached skill level 1 in Stealth
  1487 | D:2      | Reached skill level 1 in Shields
  1487 | D:2      | Reached skill level 1 in Unarmed Combat
  1487 | D:2      | Reached skill level 1 in Spellcasting
  1738 | D:2      | Noticed Sigmund
  1776 | D:2      | Killed Sigmund
  1777 | D:2      | Reached skill level 1 in Conjurations
  1777 | D:2      | Reached skill level 1 in Hexes
  1777 | D:2      | Reached skill level 1 in Summonings
  1777 | D:2      | Reached skill level 1 in Necromancy
  1777 | D:2      | Reached skill level 1 in Translocations
  1777 | D:2      | Reached skill level 1 in Transmutations
  1777 | D:2      | Reached skill level 1 in Fire Magic
  1777 | D:2      | Reached skill level 1 in Ice Magic
  1777 | D:2      | Reached skill level 1 in Air Magic
  1777 | D:2      | Reached skill level 1 in Earth Magic
  1777 | D:2      | Reached skill level 1 in Poison Magic
  1777 | D:2      | Reached XP level 4. HP: 4/45 MP: 1/6
  1777 | D:2      | Reached XP level 5. HP: 5/51 MP: 1/7
  2549 | D:3      | Reached XP level 6. HP: 57/57 MP: 8/8
  2858 | D:3      | Found a runed translucent door.
  2859 | D:3      | Noticed Crazy Yiuf
  3208 | D:3      | Noticed Terence
  3221 | D:3      | Killed Terence
  3614 | D:3      | Killed Crazy Yiuf
  4280 | D:4      | Noticed Blork the orc
  4295 | D:4      | Killed Blork the orc
  4296 | D:4      | Reached XP level 7. HP: 34/63 MP: 6/10
  4517 | D:4      | Found a bloodstained altar of Trog.
  4517 | D:4      | Found an opulent altar of Gozag.
  4646 | D:4      | Noticed Grinder
  4655 | D:4      | Killed Grinder
  4704 | D:4      | Reached skill level 9 in Fighting
  4706 | D:4      | HP: 3/64 [poisoned by a scorpion]
  5136 | D:5      | Entered Level 5 of the Dungeon
  5136 | D:5      | Noticed a two-headed ogre
  5141 | D:5      | HP: 1/64 [gnoll/+0 flail (6)]
  5142 | D:5      | Mangled by a two-headed ogre

Illustrated notes

Levels and vault maps discovered:
D:1:      ncdulo_watergridlock, layout_rooms, minmay_crystal_room, minivault_14,
          minmay_misc_feat_nine_boxes, hex_tiny, minmay_hedge_maze,
          minmay_misc_feat_diagonals, st_stairs_9, kennysheep_another_room
D:2:      layout_basic, hangedman_decor_lopped, uniq_sigmund
D:3:      layout_loops_corners, grunt_decor_cap, uniq_terence,
          uniq_crazy_yiuf_cottage
D:4:      minmay_octagon_keep, layout_basic, gammafunk_temple_overflow_pools,
          feat_on_display, uniq_blork_the_orc, uniq_grinder
D:5:      layout_cave_pools, lemuel_doored_altar, lemuel_round_altar,
          minmay_temple_entry_glass, serial_gnoll_camp, gnoll_camp_medium_02,
          gnoll_camp_mini_shop, gnoll_camp_mini_hut, gnoll_camp_mini_loothouse,
          gnoll_camp_mini_house, gnoll_camp_mini_doghouse, minmay_liquid_box

Skill      XL: |  1  2  3  4  5  6  7 |
---------------+----------------------+-----
Invocations    | 1 2 3 |  3.0
Short Blades   | 1 2 |  2.7
Long Blades    | 1 2 |  2.7
Maces & Flails | 1 2 |  2.7
Polearms       | 1 2 |  2.7
Staves         | 1 2 |  2.7
Slings         | 1 2 |  2.7
Bows           | 1 2 |  2.7
Crossbows      | 1 2 |  2.7
Dodging        | 1 2 |  2.7
Stealth        | 1 2 |  2.7
Shields        | 1 2 |  2.7
Unarmed Combat | 1 2 |  2.7
Spellcasting   | 1 2 |  2.7
Axes           | 3 |  3.8
Throwing       | 3 |  3.8
Conjurations   | 1 2 |  2.2
Hexes          | 1 2 |  2.2
Summonings     | 1 2 |  2.2
Necromancy     | 1 2 |  2.2
Translocations | 1 2 |  2.2
Transmutations | 1 2 |  2.2
Fire Magic     | 1 2 |  2.2
Ice Magic      | 1 2 |  2.2
Air Magic      | 1 2 |  2.2
Earth Magic    | 1 2 |  2.2
Poison Magic   | 1 2 |  2.2
Evocations     | 3 |  3.8
Armour         | 7 |  7.1
Fighting       | 9 |  9.0

Action                   |  1- 3 |  4- 6 |  7- 9 || total
-------------------------+-------+-------+-------++-------
Melee: Hand axe          |   134 |   143 |       ||   277
       Bite              |    13 |    14 |     3 ||    30
       Punch             |       |     1 |       ||     1
       Battleaxe         |       |    23 |    36 ||    59
  Use: Scroll            |     4 |     5 |     2 ||    11
       Potion            |     1 |       |       ||     1
Armor: Ring mail         |    74 |    78 |       ||   152
       Leather armour    |       |    10 |    10 ||    20
Dodge: Dodged            |    82 |    96 |    39 ||   217
Block: Buckler           |       |    21 |       ||    21

Table legend: (Time is in decaauts)
 A = Elapsed time spent in this place.
 B = Non-inter-level travel time spent in this place.
 C = Inter-level travel time spent in this place.
 D = Time resting spent in this place.
 E = Time spent auto-exploring this place.
 F = Levels seen in this place.
 G = Mean time per level.
                   A        B        C        D        E       F      G
               +--------+--------+--------+--------+--------+-----+--------+
         Total |   5226 |   5043 |    183 |    592 |   3705 |   5 | 1045.2 |
       Dungeon |   5226 |   5043 |    183 |    592 |   3705 |   5 | 1045.2 |
               +--------+--------+--------+--------+--------+-----+--------+

Top non-repeatable levels by time:
     D:2: 1749 daAuts
     D:3: 1327 daAuts
     D:4: 1319 daAuts
     D:1: 823 daAuts
     D:5: 7 daAuts
